cohdb
Replays
Latest Replays
All Replays
Popular Replays
Top Player Replays
Match Explorer
How It Works
Community
CoH3 Stats
Reddit
Sign in to upload your games and track your stats! →
Sign in with Steam
Match 42951102
Unlisted
Match 42951102
Overview
Messages
Build Orders
End
Selects Special Operations Battlegroup
Selects M29 Weasel Recon Vehicle
M29 Weasel Recon Vehicle
Construct Barracks
Riflemen Squad
Riflemen Squad
M1 Mortar Team
Riflemen Squad
Construct Medical Station
Infantry Support Center
M1918 Browning Automatic Rifles
Construct Weapon Support Center
Riflemen Squad
M3 Armored Personnel Carrier
Bazooka Squad
Selects P-47 Anti-Infantry Loiter
Engineer Squad
Grenade Package
Selects UNKNOWN (2162291)
Selects Raiding Flares
Selects SSF Commando Squad
SSF Commando Squad
Construct Tank Depot
Guru
Karl Müller
Mellankrigarn
Benirho --'
0
0
Comments
sign in to comment!
No comments posted yet!